 Dungeon Crawl Stone Soup version 0.28-a0-533-g9f97627e2a (webtiles) character file.

Game seed: 1886123667744208303

117 Drevant2 the Chucker (level 5, -2/43 (55) HPs)
             Began as an Ogre Hunter on Sept 24, 2021.
             Was an Initiate of Okawaru.
             Slain by a killer bee zombie (4 damage)
             ... on level 6 of the Dungeon.
             The game lasted 00:14:32 (6209 turns).

Drevant2 the Chucker (Ogre Hunter)                  Turns: 6209, Time: 00:14:32

HP:   -2/43 (55)    AC:  4    Str: 16    XL:     5   Next: 1%
MP:   5/5           EV:  9    Int: 12    God:    Okawaru [......]
Gold: 78            SH:  0    Dex: 10    Spells: 4/4 levels left

rFire   + . .      SeeInvis .   t - +0 flail
rCold   . . .      Faith    .   (no shield)
rNeg    . . .      Spirit   .   b - +1 robe
rPois   +          Reflect  .   (helmet restricted)
rElec   .          Harm     .   (no cloak)
rCorr   .          Rampage  .   (gloves unavailable)
Will    .....                   (boots unavailable)
Stlth   +.........              (no amulet)
HPRegen 0.14/turn               h - ring of poison resistance
MPRegen 0.09/turn               j - ring of protection from fire

@: heavily drained
A: large, unfitting armour, tough skin 1
a: Renounce Religion


You were on level 6 of the Dungeon.
You worshipped Okawaru.
Okawaru was noncommittal.
You visited 2 branches of the dungeon, and saw 8 of its levels.

You collected 78 gold pieces.

Inventory:

Hand Weapons
 a - a +0 short sword
 i - a +0 short sword
 r - a +0 mace
 t - a +0 flail (weapon)
Missiles
 c - 5 large rocks (quivered)
 d - 2 throwing nets
 l - 22 sling bullets
Armour
 b - a +1 robe (worn)
Jewellery
 h - a ring of poison resistance (left hand)
 j - a ring of protection from fire (right hand)
Wands
 s - a wand of iceblast (11)
Scrolls
 e - a scroll of enchant armour
 f - a scroll of magic mapping
 g - 3 scrolls of identify


   Skills:
 + Level 4.9 Fighting
 * Level 1.0 Maces & Flails
 - Level 5.0 Throwing
 - Level 1.7 Dodging
 - Level 0.6 Stealth


You had 4 spell levels left.
You didn't know any spells.
Your spell library contained the following spells:

 Spells                   Type           Power      Damage    Failure   Level
 Beastly Appendage        Tmut           0%         N/A       32%         1
 Wereblood                Tmut           0%         N/A       45%         2
 Inner Flame              Hex/Fire       0%         N/A       69%         3
 Spider Form              Tmut/Pois      0%         N/A       69%         3
 Cause Fear               Hex            0%         N/A       97%         4
 Discord                  Hex            0%         N/A       100%        8


Dungeon Overview and Level Annotations

Branches:
Dungeon (7/15)             Temple (1/1) D:4

Altars:
Cheibriados
Dithmenos
Fedhas
Gozag
Hepliaklqana
Makhleb
Nemelex Xobeh
Okawaru
Uskayaw
Vehumet
Wu Jian
Yredelemnul
Zin

Annotations:
D:7 3 runed translucent doors, Mrsk's ghost, novice TrEE


Innate Abilities, Weirdness & Mutations

You are too large for most types of armour.
You have tough skin. (AC +1)


Message History

The killer bee zombie is moderately damaged.
The killer bee zombie barely misses you.
The killer bee zombie closely misses you.
The killer bee zombie hits you but does no damage.
You hit the killer bee zombie but do no damage.
The killer bee zombie is moderately damaged.
The killer bee zombie hits you.
The killer bee zombie closely misses you.
You miss the killer bee zombie.
The killer bee zombie is moderately damaged.
The killer bee zombie hits you. x2
* * * LOW HITPOINT WARNING * * *
You barely miss the killer bee zombie.
The killer bee zombie is moderately damaged.
The killer bee zombie hits you.
* * * LOW HITPOINT WARNING * * *
The killer bee zombie closely misses you.
The killer bee zombie hits you but does no damage.
You aren't carrying any potions.
You hit the killer bee zombie but do no damage.
The killer bee zombie is moderately damaged.
The killer bee zombie hits you.
* * * LOW HITPOINT WARNING * * *
The killer bee zombie hits you.
* * * LOW HITPOINT WARNING * * *
You sock the killer bee zombie!
The killer bee zombie is severely damaged.
The killer bee zombie closely misses you.
The killer bee zombie hits you.
* * * LOW HITPOINT WARNING * * *
The killer bee zombie hits you but does no damage.
You hit the killer bee zombie but do no damage.
The killer bee zombie is severely damaged.
The killer bee zombie barely misses you. x2
You aren't carrying any potions.
You barely miss the killer bee zombie.
The killer bee zombie is severely damaged.
The killer bee zombie hits you but does no damage.
The killer bee zombie hits you.
You die...

### ###..
###########
#....
..........#
#.#.#
##.###.#.#
#.#.# #.#.#
#.#Z# #.#.#
#.#@# #>#.#
#.#.#
#.#.###..#..#
#.#.....###.#
#.#####..# ##
... ......
#.. ...#.....
###
#####.....
#.###


You could see a killer bee zombie.

Vanquished Creatures
  An orc wizard (D:4)
  A hound skeleton (D:4)
  An adder (D:3)
  3 worms (D:2)
  A dart slug (D:2)
  4 orcs
  6 bats
  An endoplasm (D:3)
  6 goblins
  4 hobgoblins
  4 jackals (D:1)
  4 quokkas
  5 ball pythons
  2 frilled lizards (D:1)
  7 kobolds
  6 rats
56 creatures vanquished.

Notes
Turn   | Place    | Note
-------+----------+-------------------------------------------
     0 | D:1      | Drevant2 the Ogre Hunter began the quest for the Orb.
     0 | D:1      | Reached XP level 1. HP: 22/22 MP: 1/1
   403 | D:1      | Found a faded altar of an unknown god.
   541 | D:1      | Reached XP level 2. HP: 29/31 MP: 2/2
  1599 | D:2      | Reached XP level 3. HP: 39/39 MP: 3/3
  3250 | D:3      | Found a sparkling altar of Nemelex Xobeh.
  3860 | D:3      | Reached XP level 4. HP: 44/48 MP: 4/4
  4622 | D:4      | Reached skill level 5 in Throwing
  4997 | D:4      | Reached skill level 1 in Maces & Flails
  4997 | D:4      | Reached XP level 5. HP: 28/55 MP: 5/5
  5586 | D:4      | Found a staircase to the Ecumenical Temple.
  5620 | Temple   | Entered the Ecumenical Temple
  5627 | Temple   | Became a worshipper of Warmaster Okawaru
  5814 | D:5      | Entered Level 5 of the Dungeon
  5816 | D:5      | Noticed an ogre
  5888 | D:4      | HP: 2/43 [orc wizard/magic dart (6)]
  5890 | D:4      | You fall into a shaft and drop 3 floors!
  5923 | D:7      | Noticed an ogre
  5923 | D:7      | Noticed Mrsk's ghost (novice TrEE)
  5925 | D:7      | Found a runed translucent gate.
  5925 | D:7      | Found a runed translucent gate.
  5925 | D:7      | Found a runed translucent gate.
  5925 | D:7      | Noticed an ice beast
  6207 | D:6      | HP: 2/43 [killer bee zombie (2)]
  6209 | D:6      | Slain by a killer bee zombie

Illustrated notes

Levels and vault maps discovered:
D:1:      wander_arrival_peaceful_grave, layout_basic, basic_ecumenical_altar
D:2:      layout_rooms
D:3:      layout_loops_ring, nemelex_xobeh_ov_fountains_minmay
D:4:      layout_cave_pools, minitemple, minmay_temple_entry_slanted
D:5:      layout_cave_pools, mainiacjoe_overflow_tiny_flanked,
          kennysheep_generic_room_8
D:6:      layout_loops_ring, enter_ossuary_2, gammafunk_ghost_nasty_kobolds
D:7:      layout_gridville, gammafunk_ghost_split
Temple:   nicolae_temple_no_exploring_needed

Skill      XL: |  1  2  3  4 |
---------------+-------------+-----
Fighting       | 3 4 |  4.9
Throwing       | 5 |  5.0
Maces & Flails | 1 |  1.0
Dodging        | |  1.7
Stealth        | |  0.6

Action                   |  1- 3 |  4- 6 || total
-------------------------+-------+-------++-------
Melee: Short sword       |   238 |    14 ||   252
       Flail             |       |    64 ||    64
       Mace              |       |    19 ||    19
Throw: Large rock        |       |     3 ||     3
  Use: Scroll            |     1 |     5 ||     6
       Potion            |       |     8 ||     8
 Stab: Sleeping          |     1 |     1 ||     2
Armor: Robe              |    67 |    30 ||    97
       Skin              |       |    28 ||    28
Dodge: Dodged            |    95 |    59 ||   154

Table legend: (Time is in decaauts)
 A = Elapsed time spent in this place.
 B = Non-inter-level travel time spent in this place.
 C = Inter-level travel time spent in this place.
 D = Time resting spent in this place.
 E = Time spent auto-exploring this place.
 F = Levels seen in this place.
 G = Mean time per level.
                   A        B        C        D        E       F      G
               +--------+--------+--------+--------+--------+-----+--------+
         Total |   6272 |   5247 |   1025 |   2892 |   1250 |   8 |  784.0 |
       Dungeon |   6125 |   5112 |   1013 |   2763 |   1250 |   7 |  875.0 |
        Temple |    146 |    134 |     12 |    129 |      0 |   1 |  146.0 |
               +--------+--------+--------+--------+--------+-----+--------+

Top non-repeatable levels by time:
     D:1: 2106 daAuts
     D:3: 1404 daAuts
     D:4: 1239 daAuts
     D:2: 1043 daAuts
     D:6: 281 daAuts
  Temple: 146 daAuts
     D:7: 41 daAuts
     D:5: 8 daAuts
